 Dungeon Crawl Stone Soup version 0.31-a0-202-g547052bce9 (webtiles) character file.

Game seed: 2111617223708526398

225 lunkers the Cutter (level 6, -4/45 HPs)
             Began as a Meteoran Wanderer on June 26, 2023.
             Slain by a gnoll bouda
             ... wielding a +0 whip
              (8 damage)
             ... on level 3 of the Dungeon.
             The game lasted 00:04:06 (1255 turns).

lunkers the Cutter (Meteoran Wanderer)              Turns: 1255, Time: 00:04:07

Health: -4/45      AC:  4    Str: 10    XL:     6   Next: 45%
Magic:  14/14      EV: 12    Int: 15    God:
Gold:   178        SH:  7    Dex: 18    Spells: 15/15 levels left

rFire   . . .        b - +2 short sword (freeze)
rCold   . . .        e - +2 buckler
rNeg    . . .        d - +0 robe
rPois   .            (no helmet)
rElec   .            g - +0 cloak
rCorr   .            (no gloves)
SInv    .            j - +0 pair of boots
Will    .....        (no amulet)
Stlth   +            (no ring)
HPRegen 0.27/turn    (no ring)
MPRegen 0.14/turn

%: no passive effects
@: glowing
A: sense surroundings 1, otherworldly, glowing, explore regen
a: no special abilities


You were on level 3 of the Dungeon.
You visited 1 branch of the dungeon, and saw 4 of its levels.

You collected 178 gold pieces.

Inventory:

Hand Weapons
 a - a +0 dagger
 b - a +2 short sword of freezing (weapon)
Armour
 d - a +0 robe (worn)
 e - a +2 buckler (worn)
 g - a +0 cloak (worn)
 j - a +0 pair of boots (worn)
Scrolls
 c - 2 scrolls of blinking
 f - 2 scrolls of enchant armour {unknown}
 h - a scroll of fog {unknown}
 i - a scroll of vulnerability {unknown}
 k - a scroll of summoning
 m - a scroll of noise {unknown}
 n - a scroll of revelation {unknown}
 o - a scroll of teleportation {unknown}
Potions
 l - a potion of curing {unknown}


   Skills:
 + Level 6.1 Short Blades
 - Level 2.4 Dodging
 - Level 1.0 Stealth
 - Level 3.6 Shields
 - Level 5.3 Spellcasting


You had 15 spell levels left.
You didn't know any spells.
Your spell library contained the following spells:

 Spells                   Type           Power      Damage    Failure   Level
 Cigotuvi's Dreadful Rot  Necr/Pois/Air  6%         N/A       34%         2
 Static Discharge         Conj/Air       6%         2-3/arc   34%         2


Dungeon Overview and Level Annotations

Branches:
Dungeon (4/15) Zot: 1158
 Temple: D:4-7

Altars:


Innate Abilities, Weirdness & Mutations

You passively map a small area around you.
You are easily found by Zot.
You glow in the dark.
You regain HP and MP as you explore.


Message History

The gnoll is no longer moving quickly.
You block the gnoll's attack. The phantom attacks as you move away!
The phantom barely misses you.
Your attacks no longer feel as feeble.
The gnoll is no longer moving quickly.
The gnoll hits you from afar with a +0 spear.
* * * LOW HITPOINT WARNING * * *
There is a stone staircase leading up here.
Okay, then.
The gnoll hits you but does no damage. You block the gnoll's attack.
The gnoll bouda barks out a call to the hunt!
The gnolls pick up the pace!
You climb upwards.
There is a stone staircase leading down here.
The gnoll attacks as you move away! The gnoll completely misses you.
The gnoll bouda gazes fiercely through you!
You feel your attacks grow feeble.
The gnoll bouda attacks as you move away!
The gnoll bouda closely misses you. The gnoll attacks as you move away!
You block the gnoll's attack.
There is an open door here.
There is an open door here.
You aren't carrying any items that you can evoke.
You hit the gnoll bouda but do no damage.
The gnoll bouda hits you with a +0 whip!
* * * LOW HITPOINT WARNING * * *
You hit the gnoll bouda. You freeze the gnoll bouda.
The gnoll bouda is lightly wounded.
You closely miss the gnoll bouda.
The gnoll bouda is lightly wounded.
Your attacks no longer feel as feeble.
The gnoll bouda barely misses you.
The endoplasm jiggles.
You barely miss the gnoll bouda.
The gnoll bouda is lightly wounded.
The gnoll bouda hits you with a +0 whip!
* * * LOW HITPOINT WARNING * * *
You barely miss the gnoll bouda.
The gnoll bouda is lightly wounded.
The gnoll bouda hits you with a +0 whip!
You die...

#.....'.### #....÷###
###.....######
#.....>......# *
###### #........).#.#
, #.....
#.....g....#.#+#+#'###
######J#####.........#
#g# ##........#,
#####@######.†......#*
#..........#........#
#..........#........#
#......)...#...)....#
#.(........#........#
#..........#........#
#..........#........#
#..........##########
#..........#


You could see a gnoll bouda, a gnoll (swift) and an endoplasm.

Vanquished Creatures
  Sigmund (D:2)
  2 adders (D:3)
  2 worms (D:3)
  2 orcs (D:3)
  3 bats
  3 endoplasms
  2 giant cockroaches
  3 hobgoblins
  3 kobolds
  2 quokkas
  3 ball pythons
  2 frilled lizards
  5 goblins
  A rat (D:2)
34 creatures vanquished.

Vanquished Creatures (collateral kills)
  A bat (D:2)
1 creature vanquished.

Grand Total: 35 creatures vanquished

Notes
Turn   | Place    | Note
-------+----------+-------------------------------------------
     0 | D:1      | lunkers the Meteoran Wanderer began the quest for the Orb.
     0 | D:1      | lunkers set off with the following items: a +0 dagger, a +0
                  | pair of boots, a scroll of blinking, a +0 robe, a +2
                  | buckler; and the following spells available to memorise:
                  | Cigotuvi's Dreadful Rot, Static Discharge.
     0 | D:1      | Reached XP level 1. HP: 14/14 MP: 7/7
   157 | D:1      | Reached skill level 1 in Short Blades
   212 | D:1      | Reached XP level 2. HP: 19/20 MP: 9/9
   249 | D:1      | Reached skill level 2 in Short Blades
   307 | D:2      | Noticed Sigmund
   382 | D:2      | Killed Sigmund
   383 | D:2      | Reached skill level 4 in Short Blades
   383 | D:2      | Reached skill level 5 in Short Blades
   383 | D:2      | Reached XP level 3. HP: 8/26 MP: 10/10
   383 | D:2      | Reached XP level 4. HP: 10/33 MP: 12/12
   383 | D:2      | Reached XP level 5. HP: 12/38 MP: 13/13
   383 | D:2      | Reached XP level 6. HP: 14/45 MP: 14/14
   856 | D:3      | Found a faded altar of an unknown god.
   959 | D:3      | Reached skill level 6 in Short Blades
  1255 | D:3      | Slain by a gnoll bouda

Illustrated notes

Levels and vault maps discovered:
D:1:      dpeg_chamrin_arrival_tetris, layout_loops_corners,
          minmay_misc_feat_alley
D:2:      layout_loops_ring, uniq_jessica, uniq_sigmund, uniq_terence
D:3:      layout_basic, chequers_ecumenical_altar_island, nrook_uturn
D:4:      layout_rooms, gammafunk_temple_overflow_pools,
          dreamdust_princess_corridor

Skill      XL: |  1  2  3  4  5  6 |
---------------+-------------------+-----
Short Blades   | 1 5 6 |  6.1
Dodging        | |  2.4
Stealth        | |  1.0
Shields        | |  3.6
Spellcasting   | |  5.3

Action                     |  1- 3 |  4- 6 || total
---------------------------+-------+-------++-------
  Melee: Dagger            |    38 |       ||    38
         Short sword       |    22 |    75 ||    97
    Use: Potion            |     3 |       ||     3
         Scroll            |     2 |       ||     2
   Stab: Sleeping          |       |     1 ||     1
 Armour: Robe              |    11 |    12 ||    23
         Skin              |     8 |       ||     8
  Dodge: Dodged            |    18 |    24 ||    42
  Block: Buckler           |     9 |    17 ||    26

Table legend: (Time is in decaauts)
 A = Elapsed time spent in this place.
 B = Non-inter-level travel time spent in this place.
 C = Inter-level travel time spent in this place.
 D = Time resting spent in this place.
 E = Time spent auto-exploring this place.
 F = Levels seen in this place.
 G = Mean time per level.
                   A        B        C        D        E       F      G
               +--------+--------+--------+--------+--------+-----+--------+
         Total |   1240 |   1240 |      0 |     23 |    822 |   4 |  310.0 |
       Dungeon |   1240 |   1240 |      0 |     23 |    822 |   4 |  310.0 |
               +--------+--------+--------+--------+--------+-----+--------+

Top non-repeatable levels by time:
     D:3: 559 daAuts
     D:2: 392 daAuts
     D:1: 250 daAuts
     D:4: 38 daAuts
